 Dungeon Crawl Stone Soup version 0.22.1-1-ga44c0e5 (webtiles) character file.

14104 HaraKiri the Grappler (level 11, -10/101 HPs)
             Began as a Troll Abyssal Knight on Oct 12, 2018.
             Was the Champion of Lugonu.
             Mangled by a blink frog (13 damage)
             ... on level 4 of the Lair of Beasts.
             The game lasted 00:52:43 (9554 turns).

HaraKiri the Grappler (Troll Abyssal Knight)        Turns: 9554, Time: 00:52:44

Health: -10/101    AC:  8    Str: 25    XL:     11   Next: 84%
Magic:  0/14       EV: 17    Int:  8    God:    Lugonu [******]
Gold:   528        SH:  0    Dex:  9    Spells: 10/10 levels left

rFire    . . .     SeeInvis .     - Unarmed
rCold    . . .     Gourm    +   (no shield)
rNeg     . . .     Faith    .   K - +0 troll leather armour
rPois    .         Spirit   +   (helmet restricted)
rElec    .         Reflect  .   d - +0 cloak
rCorr    .         Harm     .   (gloves unavailable)
MR       +....                  (boots unavailable)
Stlth    +.........             n - amulet of guardian spirit
HPRegen  1.06/turn              r - ring of protection from magic
MPRegen  0.14/turn              i - +3 ring of evasion

@: lethally poisoned (-10 -> -10)
A: large, unfitting armour, claws 3, fast metabolism 3, gourmand, regeneration
1, shaggy fur 1, tough skin 2
a: Depart the Abyss, Bend Space, Banish, Corrupt, Enter the Abyss, Brand Weapon
With Distortion, Renounce Religion


You were on level 4 of the Lair of Beasts.
You worshipped Lugonu.
Lugonu was exalted by your worship.
You were very full.

You visited 2 branches of the dungeon, and saw 14 of its levels.
You visited the Abyss 1 time.
You also visited: Ossuary.

You collected 649 gold pieces.
You spent 121 gold pieces at shops.

Inventory:

Hand Weapons
 N - the +8 long sword of Jodomati {freeze, +Blink rC++ rN+ Dex-5}
   (You found it on level 9 of the Dungeon)

   It has been specially enchanted to freeze those struck by it, causing extra
   injury to most foes and up to half again as much damage against particularly
   susceptible opponents.
   It can also slow down cold-blooded creatures.
   It affects your dexterity (-5).
   It greatly protects you from cold.
   It protects you from negative energy.
   It lets you blink.
 P - a +0 hunting sling of velocity
Missiles
 j - 80 stones (quivered)
 Q - 44 sling bullets
Armour
 a - a +0 robe
 d - a +0 cloak (worn)
 t - a +0 cloak
 K - a +0 troll leather armour (worn)
Jewellery
 e - an uncursed ring of see invisible
 i - a +3 ring of evasion (right claw)
 n - an amulet of guardian spirit (around neck)
 r - a ring of protection from magic (left claw)
 s - an uncursed ring of protection from magic
 u - a -2 ring of intelligence
 A - an uncursed amulet of the acrobat {unknown}
 D - an uncursed ring of resist corrosion {unknown}
 H - an uncursed ring of stealth {unknown}
Wands
 c - a wand of random effects (28)
 o - a wand of acid (8)
 v - a wand of digging (17)
 z - a wand of flame (25)
 L - a wand of paralysis (6)
Scrolls
 g - 22 scrolls of identify
 h - 11 scrolls of remove curse
 p - 3 scrolls of teleportation
 x - a scroll of immolation
 y - a scroll of magic mapping
 C - 6 scrolls of random uselessness
Potions
 f - 3 potions of lignification
 k - 4 potions of invisibility {unknown}
 l - 3 potions of brilliance
 m - 8 potions of degeneration
 w - a potion of agility
 B - 2 potions of ambrosia {unknown}
 E - 2 potions of mutation {unknown}
 F - a potion of haste {unknown}
 G - a potion of berserk rage {unknown}
 J - 2 potions of flight {unknown}
 O - a potion of magic {unknown}
Comestibles
 b - 23 rations


   Skills:
 + Level 4.9 Fighting
 * Level 10.3 Dodging
 + Level 12.7 Unarmed Combat
 - Level 5.8 Invocations


You had 10 spell levels left.
You didn't know any spells.
Your spell library contained the following spells:

 Spells                   Type           Power        Failure   Level  Hunger
 Animate Skeleton         Necr           N/A          45%         1    ##.....
 Apportation              Tloc           #.....       45%         1    ##.....
 Beastly Appendage        Tmut           #.....       45%         1    ##.....
 Confusing Touch          Hex            #.....       45%         1    ##.....
 Summon Small Mammal      Summ           #...         45%         1    ##.....
 Sticks to Snakes         Tmut           #.......     58%         2    ###....
 Confuse                  Hex            #.......     83%         3    ####...
 Gell's Gravitas          Tloc           #.........   83%         3    ####...
 Spectral Weapon          Hex/Chrm       #.......     83%         3    ####...
 Spider Form              Tmut/Pois      #.........   83%         3    ####...
 Fulminant Prism          Conj/Hex       #.........   99%         4    #####..
 Ice Form                 Ice/Tmut       #.......     99%         4    #####..
 Petrify                  Tmut/Erth      #.......     99%         4    #####..
 Blade Hands              Tmut           #.........   100%        5    ######.
 Lee's Rapid Deconstruct  Erth           #.........   100%        5    ######.
 Metabolic Englaciation   Hex/Ice        #.........   100%        5    ######.
 Yara's Violent Unravell  Hex/Tmut       #.........   100%        5    ######.


Dungeon Overview and Level Annotations

Branches:
Dungeon (10/15)            Temple (0/1) D:7            Lair (4/6) D:9
  Swamp: Lair:2-4    Shoals: Lair:2-4     Snake: Lair:2-4    Spider: Lair:2-4
    Orc: D:9-12

Altars:
Fedhas
Hepliaklqana
Nemelex Xobeh
Okawaru
Qazlal
Sif Muna
Trog
Uskayaw
Vehumet
Wu Jian
Yredelemnul

Shops:
D:5 !

Annotations:
D:8 TBC
Lair:2 TBC
Lair:3 1 runed doorTBC, Gastronok


Innate Abilities, Weirdness & Mutations

You are too large for most types of armour.
You have claws for hands.
Your metabolism is lightning-fast.
You like to eat raw meat.
Your natural rate of healing is unusually fast.
You are covered in fur. (AC +1)
You have very tough skin. (AC +2)


Message History

You closely miss the water moccasin.
The water moccasin is severely wounded.
The water moccasin closely misses you. The porcupine misses you.
You barely miss the water moccasin.
The water moccasin is severely wounded.
You feel sick. The water moccasin barely misses you. The porcupine bites you.
* * * LOW HITPOINT WARNING * * *
The water moccasin bites you but does no damage.
You claw the water moccasin!
You kill the water moccasin!
Lugonu accepts your kill. The porcupine bites you.
* * * LOW HITPOINT WARNING * * *
Okay, then.
You don't have enough health at the moment.
Okay, then.
You claw the blink frog!
The blink frog is heavily wounded.
The blink frog hits you!
You die...

..##.........
............#
...........#
#.........#
#........#
###.......##
#PP........#####
###..)...........#
#@F.#...........#.
##rF.....♣......#.
#.F♣♣.♣.♣♣♣.♣.....
#.#r♣♣♣♣♣♣
♣♣♣≈[... .....♣
♣≈≈..#. #......
♣≈≈≈.....
....F..♣♣
♣♣.......
........♣ ♣♣♣.....
.........≈ ♣.....


You could see 3 blink frogs and 2 porcupines.

Vanquished Creatures
  3 two-headed ogres (D:8)
  An unseen horror (D:8)
  A black mamba (Lair:2)
  Joseph (Lair:1)
  3 spiny frogs
  A troll (D:8)
  Prince Ribbit (D:6)
  5 hippogriffs
  A hornet (D:8)
  A blink frog (Lair:4)
  12 yaks
  A wyvern (D:9)
  3 hogs (D:7)
  A basilisk (Lair:2)
  A human (D:7)
  A steam dragon (D:9)
  5 water moccasins
  4 porcupines
  2 wargs (D:9)
  Duvessa (D:4)
  5 orc warriors
  4 ice beasts
  A phantom (D:9)
  A hornet zombie (D:8)
  2 centaurs
  3 crocodiles
  3 ogres
  7 bullfrogs
  Dowan (D:4)
  A scorpion (D:8)
  A water moccasin skeleton (D:8)
  4 killer bees (D:8)
  A howler monkey (D:8)
  2 bullfrog zombies
  6 crimson imps
  A quasit (D:7)
  2 human zombies (Ossuary)
  4 hounds
  2 jellies
  12 orc priests
  A bullfrog skeleton (D:8)
  2 centaur skeletons
  Ijyb (D:4)
  2 iguanas
  10 orc wizards
  6 worker ants
  A big kobold zombie (Ossuary)
  A hound zombie (D:6)
  5 mummies (Ossuary)
  Robin (D:2)
  6 gnolls (D:6)
  8 adders
  2 shadow imps (D:6)
  An ooze (D:1)
  An adder zombie (D:8)
  2 adder skeletons (D:8)
  A worm (D:3)
  2 dart slugs
  5 leopard geckos
  37 orcs
  8 giant cockroaches
  21 goblins
  8 hobgoblins
  2 jackals (D:3)
  3 quokkas
  3 ball pythons
  9 bats
  9 frilled lizards
  A goblin zombie (Ossuary)
  A hobgoblin zombie (Ossuary)
  A jackal skeleton (D:6)
  7 kobolds
  2 kobold zombies (Ossuary)
  An orc zombie (Ossuary)
  A quokka skeleton (D:9)
  8 rats
  A bush (D:7)
293 creatures vanquished.

Vanquished Creatures (others)
  An orc (D:9)
  A fungus (Lair:2)
2 creatures vanquished.

Grand Total: 295 creatures vanquished

Notes
Turn   | Place    | Note
-------+----------+-------------------------------------------
     0 | Abyss:1  | HaraKiri the Troll Abyssal Knight began the quest for the
                  | Orb.
     0 | Abyss:1  | Reached XP level 1. HP: 22/22 MP: 1/1
    66 | Abyss:1  | Found a bloodstained altar of Trog.
    73 | D:1      | Escaped the Abyss
   245 | D:1      | Reached XP level 2. HP: 27/29 MP: 2/2
   414 | D:1      | Reached ** piety under Lugonu
   811 | D:2      | Reached XP level 3. HP: 36/36 MP: 3/3
  1135 | D:2      | Found a sparkling altar of Nemelex Xobeh.
  1160 | D:2      | Noticed Robin
  1177 | D:2      | Killed Robin
  1177 | D:2      | Reached skill level 3 in Unarmed Combat
  1197 | D:2      | Reached XP level 4. HP: 30/44 MP: 4/4
  2336 | D:3      | Found a bloodstained altar of Trog.
  2338 | D:3      | Reached skill level 4 in Unarmed Combat
  2462 | D:3      | Reached *** piety under Lugonu
  2709 | D:4      | Noticed Dowan
  2724 | D:4      | Noticed Duvessa
  2727 | D:4      | Killed Dowan
  2727 | D:4      | Reached XP level 5. HP: 36/50 MP: 5/5
  2764 | D:4      | Killed Duvessa
  2764 | D:4      | Reached skill level 5 in Unarmed Combat
  2764 | D:4      | Reached XP level 6. HP: 24/59 MP: 6/6
  2912 | D:4      | Noticed Ijyb
  2925 | D:4      | Killed Ijyb
  3119 | D:5      | Entered Level 5 of the Dungeon
  3172 | D:5      | Reached skill level 6 in Unarmed Combat
  3443 | D:5      | Found Gasias's Distillery.
  3446 | D:5      | Bought 2 potions of might for 88 gold pieces
  3446 | D:5      | Bought a potion of curing for 33 gold pieces
  3496 | D:5      | Reached XP level 7. HP: 66/66 MP: 7/7
  3933 | D:6      | Found a sand-covered staircase.
  3980 | D:6      | Reached skill level 7 in Unarmed Combat
  3990 | Ossuary  | Entered an ossuary
  4247 | D:6      | Reached **** piety under Lugonu
  4332 | D:6      | Reached skill level 8 in Unarmed Combat
  4358 | D:6      | Reached XP level 8. HP: 74/74 MP: 8/8
  4617 | D:6      | Noticed Prince Ribbit
  4642 | D:6      | Killed Prince Ribbit
  4642 | D:6      | Reached skill level 9 in Unarmed Combat
  4870 | D:7      | Reached skill level 5 in Dodging
  4870 | D:7      | Reached skill level 10 in Unarmed Combat
  4886 | D:7      | Reached XP level 9. HP: 64/80 MP: 5/9
  5521 | D:7      | Found a staircase to the Ecumenical Temple.
  5639 | D:8      | Reached skill level 11 in Unarmed Combat
  5979 | D:8      | Reached ***** piety under Lugonu
  6082 | D:8      | Noticed a two-headed ogre
  6091 | D:8      | Noticed a two-headed ogre
  6097 | D:8      | Reached XP level 10. HP: 10/88 MP: 1/11
  6144 | D:9      | Found a deep blue altar of Sif Muna.
  6514 | D:8      | Paralysed by a hornet for 1 turns
  6528 | D:8      | Killed a two-headed ogre
  6712 | D:8      | Killed a two-headed ogre
  6712 | D:8      | Reached skill level 5 in Invocations
  6834 | D:8      | Identified Sif Muna's Incunabulum of Ashen Enchantment
  6908 | D:8      | Noticed a two-headed ogre
  6916 | D:8      | Killed a two-headed ogre
  6982 | D:8      | Reached skill level 12 in Unarmed Combat
  7106 | D:8      | Found an iron altar of Okawaru.
  7180 | D:8      | Noticed an unseen horror
  7189 | D:8      | Killed an unseen horror
  7241 | D:8      | Reached XP level 11. HP: 96/97 MP: 12/14
  7392 | D:9      | Found a staircase to the Lair.
  7540 | D:9      | Found a blossoming altar of Fedhas.
  7597 | D:9      | Found an ornate altar of the Wu Jian Council.
  7597 | D:9      | Found a hazy altar of Hepliaklqana.
  7597 | D:9      | Found a hide-covered altar of Uskayaw.
  7601 | D:9      | Found a stormy altar of Qazlal.
  7601 | D:9      | Found a basalt altar of Yredelemnul.
  7602 | D:9      | Found a radiant altar of Vehumet.
  7659 | D:9      | Got an encrusted long sword
  7660 | D:9      | Identified the +8 long sword of Jodomati {freeze, +Blink
                  | rC++ rN+ Dex-5} (You found it on level 9 of the Dungeon)
  8009 | D:10     | Entered Level 10 of the Dungeon
  8045 | Lair:1   | Entered Level 1 of the Lair of Beasts
  8696 | Lair:1   | Noticed Joseph
  8702 | Lair:1   | Killed Joseph
  9047 | Lair:2   | Reached skill level 10 in Dodging
  9149 | Lair:2   | Noticed a four-headed hydra
  9382 | Lair:3   | Found a runed door.
  9394 | Lair:3   | Noticed Gastronok
  9398 | Lair:3   | Reached ****** piety under Lugonu
  9433 | Lair:3   | Noticed a six-headed hydra
  9553 | Lair:4   | HP: 2/101 [porcupine (4)]
  9554 | Lair:4   | Mangled by a blink frog

Skill      XL: |  1  2  3  4  5  6  7  8  9 10 11 |
---------------+----------------------------------+-----
Dodging        | 2 3 4 5 7 8 10 | 10.3
Unarmed Combat | 3 4 5 6 8 10 11 12 | 12.7
Invocations    | 3 5 |  5.8
Fighting       | 3 4 |  4.9

Action                   |  1- 3 |  4- 6 |  7- 9 | 10-12 || total
-------------------------+-------+-------+-------+-------++-------
Melee: Unarmed           |   106 |   171 |   312 |   404 ||   993
       Punch             |       |     3 |    14 |    20 ||    37
Invok: Bend Space        |       |     2 |     2 |    12 ||    16
Evoke: Wand              |       |       |       |     7 ||     7
  Use: Potion            |       |     7 |     5 |     7 ||    19
       Scroll            |       |       |     2 |    11 ||    13
 Stab: Distracted        |       |       |     2 |       ||     2
  Eat: Chunk             |    10 |    26 |    24 |    31 ||    91
       Ration            |       |     1 |       |       ||     1
Armor: Robe              |    38 |    49 |    51 |    13 ||   151
       Troll leather arm |       |       |       |    56 ||    56
Dodge: Dodged            |    46 |    81 |   147 |   251 ||   525
